 Dungeon Crawl Stone Soup version 0.30-a0-341-g682706514a (webtiles) character file.

Game seed: 17714988115965897381

200 retardedninja the Trooper (level 5, -11/47 HPs)
             Began as a Hill Orc Fighter on Nov 2, 2022.
             Mangled by an ogre
             ... wielding a +0 giant club
              (28 damage)
             ... on level 3 of the Dungeon.
             The game lasted 00:04:12 (3502 turns).

retardedninja the Trooper (Hill Orc Fighter)        Turns: 3502, Time: 00:04:12

Health: -11/47     AC: 14    Str: 20    XL:     5   Next: 79%
Magic:  5/5        EV:  9    Int: 12    God:
Gold:   107        SH:  4    Dex:  9    Spells: 4/4 levels left

rFire   + . .      SeeInvis .    a - +0 war axe
rCold   + . .      Faith    .    c - +0 buckler
rNeg    . . .      Spirit   .    i - +7 scale mail of Cynicism {Fly rF+ rC+}
rPois   .          Reflect  .    (no helmet)
rElec   .          Harm     .    (no cloak)
rCorr   .          Rampage  .    (no gloves)
Will    .....                    (no boots)
Stlth   ..........               (no amulet)
HPRegen 0.27/turn                (no ring)
MPRegen 0.09/turn                (no ring)

@: mighty, flying, unable to read
A: clever 1, inability to read after injury 1
a: no special abilities


You were on level 3 of the Dungeon.
You visited 1 branch of the dungeon, and saw 3 of its levels.

You collected 107 gold pieces.

Inventory:

Hand Weapons
 a - a +0 war axe (weapon)
Armour
 c - a +0 buckler (worn)
 i - the +7 scale mail of Cynicism (worn) {Fly rF+ rC+}
   (You found it on level 3 of the Dungeon)

   rF:        It protects you from fire.
   rC:        It protects you from cold.
   Fly:       It grants you flight.
Jewellery
 l - a +6 ring of intelligence
Scrolls
 e - a scroll of identify {unknown}
 g - a scroll of magic mapping {unknown}
 h - a scroll of vulnerability {unknown}
 k - a scroll of immolation {unknown}
 m - 2 scrolls of blinking {unknown}
 o - 3 scrolls of teleportation {unknown}
Potions
 b - a potion of curing
 f - a potion of flight {unknown}


   Skills:
 + Level 4.8 Fighting
 + Level 4.4 Axes
 + Level 4.4 Armour
 + Level 4.4 Shields


You had 4 spell levels left.
You didn't know any spells.
Your spell library contained the following spells:

 Spells                   Type           Power      Damage    Failure   Level
 Sting                    Tmut/Pois      0%         1d3       75%         1
 Poisonous Vapours        Pois/Air       0%         N/A       87%         2
 Olgreb's Toxic Radiance  Pois           0%         N/A       100%        4


Dungeon Overview and Level Annotations

Branches:
Dungeon (3/15)

Altars:

Annotations:
D:3 1 runed translucent door


Innate Abilities, Weirdness & Mutations

Your mind is acute. (Int +4, Str/Dex -1)
You occasionally lose the ability to read scrolls when taking damage.


Message History

You see here a +0 leather armour.
Key pressed, stopping explore.
Key pressed, stopping explore.
Key pressed, stopping explore.
Key pressed, stopping explore.
Found 6 stones.
You see here 6 stones.
You see here 6 stones.
You see here a +0 leather armour.
Found a stone staircase leading up.
Key pressed, stopping explore.
Key pressed, stopping explore.
Key pressed, stopping explore.
Key pressed, stopping explore.
Key pressed, stopping explore.
Key pressed, stopping explore.
Key pressed, stopping explore.
Key pressed, stopping explore.
Key pressed, stopping explore.
An ogre comes into view. It is wielding a +0 giant club.
The ogre shouts!
An ogre is nearby!
Level annotation: 1 runed translucent door Welcome back, retardedninja the Hill Orc Fighter.
Press ? for a list of commands and other information.
You feel very mighty all of a sudden.
An orc comes into view. It is wielding a +0 dagger.
The orc shouts!
You slash the ogre!
The ogre is moderately wounded.
The ogre hits you with a +0 giant club!
You hit the ogre.
The ogre is moderately wounded.
The ogre hits you with a +0 giant club!!
You slash the ogre!
The ogre is severely wounded.
The ogre hits you with a +0 giant club!!
You feel threatened and lose the ability to read scrolls!
Ouch! That really hurt!
You die...

.<#.# #.# ###.#
#.# ....# #.#
##### #.# #.#
#.# #.#
#.###########.#
#......@Oo.....
#############.#


You could see an ogre and an orc.

Vanquished Creatures
  An orc priest (D:3)
  3 orc wizards (D:3)
  2 adders
  2 worms (D:2)
  2 dart slugs (D:1)
  9 orcs (D:3)
  5 endoplasms
  7 goblins
  5 hobgoblins
  6 jackals (D:1)
  3 quokkas
  3 ball pythons (D:1)
  7 bats
  4 frilled lizards
  A kobold (D:1)
60 creatures vanquished.

Notes
Turn   | Place    | Note
-------+----------+-------------------------------------------
     0 | D:1      | retardedninja the Hill Orc Fighter began the quest for the
                  | Orb.
     0 | D:1      | Reached XP level 1. HP: 19/19 MP: 1/1
   161 | D:1      | Reached XP level 2. HP: 23/27 MP: 2/2
   488 | D:1      | Reached XP level 3. HP: 33/33 MP: 3/3
  1498 | D:2      | Reached XP level 4. HP: 40/40 MP: 4/4
  1809 | D:3      | Gained mutation: You occasionally lose the ability to read
                  | scrolls when taking damage. [potion of mutation]
  1809 | D:3      | Gained mutation: Your mind is acute. (Int +4, Str/Dex -1)
                  | [potion of mutation]
  2293 | D:3      | Reached XP level 5. HP: 14/47 MP: 5/5
  3216 | D:3      | Identified the +7 scale mail of Cynicism {Fly rF+ rC+}
  3252 | D:3      | Found a runed translucent door.
  3496 | D:3      | Noticed an ogre
  3502 | D:3      | Mangled by an ogre

Illustrated notes

Levels and vault maps discovered:
D:1:      saegor_arrival_miasma, layout_loops_ring,
          amcnicky_mini_corridor_feature, minmay_strange_pillars,
          grunt_decor_arrowhead
D:2:      layout_basic
D:3:      layout_basic, hellmonk_ecumenical_altar_blasted, hex_large,
          uniq_crazy_yiuf_cottage

Skill      XL: |  1  2  3  4 |
---------------+-------------+-----
Axes           | 3 4 |  4.4
Fighting       | 4 |  4.8
Armour         | 4 |  4.4
Shields        | 4 |  4.4

Action                   |  1- 3 |  4- 6 || total
-------------------------+-------+-------++-------
Melee: War axe           |   104 |    94 ||   198
  Use: Potion            |       |     7 ||     7
Armor: Scale mail        |    61 |    52 ||   113
Dodge: Dodged            |    69 |    38 ||   107
Block: Buckler           |    26 |    22 ||    48

Table legend: (Time is in decaauts)
 A = Elapsed time spent in this place.
 B = Non-inter-level travel time spent in this place.
 C = Inter-level travel time spent in this place.
 D = Time resting spent in this place.
 E = Time spent auto-exploring this place.
 F = Levels seen in this place.
 G = Mean time per level.
                   A        B        C        D        E       F      G
               +--------+--------+--------+--------+--------+-----+--------+
         Total |   3573 |   3513 |     60 |   1476 |   1581 |   3 | 1191.0 |
       Dungeon |   3573 |   3513 |     60 |   1476 |   1581 |   3 | 1191.0 |
               +--------+--------+--------+--------+--------+-----+--------+

Top non-repeatable levels by time:
     D:3: 1830 daAuts
     D:1: 1019 daAuts
     D:2: 724 daAuts
